 Dungeon Crawl Stone Soup version 0.19-a0-27-g415f530 (webtiles) character file.

41 Duffy the Covered (level 3, 0/30 HPs)
             Began as a Minotaur Assassin on May 2, 2016.
             Was an Initiate of Cheibriados.
             Slain by a gnoll
             ... wielding a +0 halberd
              (3 damage)
             ... on level 2 of the Dungeon.
             The game lasted 00:01:35 (1554 turns).

Duffy the Covered (Minotaur Assassin)               Turns: 1554, Time: 00:01:36

Health: 0/30       AC: 10    Str: 17    XL:     3   Next: 32%
Magic:  11/11      EV:  2    Int:  9    God:    Cheibriados [......]
Gold:   96         SH:  0    Dex: 12    Spells: 0 memorised, 2 levels left

rFire  . . .     SeeInvis .     a - +2 dagger
rCold  . . .     Gourm    .     n - +0 chain mail
rNeg   . . .     Faith    .     (no shield)
rPois  .         Spirit   .     (helmet restricted)
rElec  .         Dismiss  .     d - +0 cloak
rCorr  .         Reflect  .     (no gloves)
SustAt .         Harm     .     (no boots)
MR     .....                    (no amulet)
Stlth  ..........               (no ring)
                                h - ring of magical power

@: very slow, not resistant to hostile enchantments, extremely unstealthy
A: retaliatory headbutt, horns 2
a: Bend Time, Renounce Religion


You were on level 2 of the Dungeon.
You worshipped Cheibriados.
Cheibriados was noncommittal.
You were very hungry.

You visited 1 branch of the dungeon, and saw 2 of its levels.

You collected 96 gold pieces.


Innate Abilities, Weirdness & Mutations

You reflexively headbutt those who attack you in melee.
You have a pair of horns on your head.


   Skills:
 - Level 2.4 Fighting
 - Level 2.2 Short Blades
 - Level 2.0 Throwing
 + Level 3.6 Armour
 - Level 1.1 Dodging
 - Level 3.2 Stealth


You had 2 spell levels left.
You didn't know any spells.

Inventory:

Hand Weapons
 a - a +2 dagger (weapon)
 b - a +0 blowgun
Missiles
 e - 8 poisoned needles
 f - 6 curare-tipped needles
 v - 2 tomahawks (quivered)
Armour
 c - a +0 robe
 d - a +0 cloak (worn)
 k - a +0 ring mail
 n - a +0 chain mail (worn)
Jewellery
 h - a ring of magical power (left hand)
Scrolls
 o - a scroll of identify {unknown}
 p - a scroll of remove curse {unknown}
 q - a scroll of blinking {unknown}
 s - a scroll of random uselessness {unknown}
Potions
 j - a potion of cure mutation {unknown}
 r - a potion of curing {unknown}
 t - a potion of haste {unknown}
Comestibles
 g - a bread ration
 i - 2 fruits
 l - a slice of pizza
 m - a royal jelly

Dungeon Overview and Level Annotations

Branches:
Dungeon (2/15)

Altars:
Cheibriados
Qazlal


Message History

You hit the gnoll. You headbutt the gnoll.
The gnoll is moderately wounded.
The gnoll hits you with a halberd.
You hit the gnoll but do no damage.
The gnoll is moderately wounded.
The gnoll hits you but does no damage.
You hit the gnoll. Your headbutt misses the gnoll.
The gnoll is moderately wounded.
The gnoll hits you with a halberd.
You are too injured to fight recklessly!
You are too injured to fight recklessly!
You are too injured to fight recklessly!
You are too injured to fight recklessly!
You are too injured to fight recklessly!
You are too injured to fight recklessly!
You are too injured to fight recklessly!
You are too injured to fight recklessly!
You are too injured to fight recklessly!
You are too injured to fight recklessly!
You are too injured to fight recklessly!
You are too injured to fight recklessly!
You are too injured to fight recklessly!
The gnoll hits you from afar with a halberd.
The gnoll closely misses you.
There is a stone staircase leading up here.
The gnoll hits you from afar with a halberd!
You climb upwards.
There is a stone staircase leading down here.
All of the chunks of flesh in your inventory have rotted away.
You are feeling hungry.
You are feeling very hungry.
HP restored.
Partly explored, can't reach some places.
You climb downwards.
The gnoll hits you from afar with a halberd!
The gnoll throws a throwing net.
The throwing net hits you.
You become entangled in the net!
There is a stone staircase leading up here.
You see here a throwing net.
You can't do that while held in a net.
You struggle against the net.
The gnoll hits you but does no damage. x2
You try to slip out of the net.
The gnoll hits you from afar with a halberd. x2
You try to slip out of the net.
The gnoll barely misses you.
The gnoll hits you from afar with a halberd!
You slip out of the net!
The gnoll hits you but does no damage. The gnoll barely misses you.
The gnoll hits you but does no damage. x2
The gnoll hits you from afar with a halberd.
You die...

## ##################.
#.........##.......
#.#######.##.#####. #.#
#.##.# ##
######.#######.##.# #
...................#### #
#######..###..........###
#.@######.#####.##.
#..g........# #.##.
#.gg#####.#.# #.#..
#.....gg..#.# #.#..
############..#######.#
#.#.. #.............# .#
#.#.# #####.###########.#
.# #.#.# ....#.# #.#
##.###.#.# ###%#.######
#.# ...........


You could see 3 gnolls.

Action                   || total
-------------------------++-------
Melee: Dagger            ||    95
       Headbutt          ||    12
  Eat: Chunk             ||     1
Armor: Chain mail        ||    68
Dodge: Dodged            ||    32

Notes
Turn   | Place    | Note
--------------------------------------------------------------
     0 | D:1      | Duffy the Minotaur Assassin began the quest for the Orb.
     0 | D:1      | Reached XP level 1. HP: 18/18 MP: 0/0
   512 | D:1      | Reached skill level 1 in Armour
   532 | D:1      | Reached skill level 2 in Armour
   532 | D:1      | Reached XP level 2. HP: 25/25 MP: 1/1
  1068 | D:2      | Reached skill level 3 in Armour
  1077 | D:2      | Found a stormy altar of Qazlal.
  1077 | D:2      | Found a snail-covered altar of Cheibriados.
  1088 | D:2      | Became a worshipper of Cheibriados the Contemplative
  1124 | D:2      | Reached XP level 3. HP: 30/30 MP: 2/2
  1554 | D:2      | Slain by a gnoll

Skill      XL: |  1  2 |
---------------+-------+-----
Armour         | 2 3 |  3.6
Fighting       | |  2.4
Short Blades   | |  2.2
Throwing       | |  2.0
Dodging        | |  1.1
Stealth        | |  3.2

Vault maps used:
D:1:      dpeg_cavernosity
D:2:      overflow_temple_1_default, vehumet_crystals,
          grunt_temple_overflow_open

Vanquished Creatures
  An adder
  A dart slug
  5 goblins
  2 hobgoblins
  3 jackals
  3 kobolds
  A quokka
  A ball python
  4 bats
  4 giant newts
  5 rats
30 creatures vanquished.
